 Dungeon Crawl Stone Soup version 0.31.0-32-g396128a36d (webtiles) character file.

Game seed: 998536532122322625

286 GiantSquids the Chopper (level 6, -1/84 HPs)
             Began as a Hill Orc Berserker on Apr 19, 2024.
             Was a Believer of Trog.
             Succumbed to a scorpion's poison
             ... on level 4 of the Dungeon.
             The game lasted 00:05:51 (3431 turns).

GiantSquids the Chopper (Hill Orc Berserker)        Turns: 3431, Time: 00:05:52

Health: -1/84      AC:  3    Str: 22    XL:     6   Next: 30%
Magic:  6/6        EV: 11    Int:  7    God:    Trog [**....]
Gold:   194        SH:  0    Dex: 10    Spells: 5/5 levels left

rFire   . . .        a - +0 hand axe
rCold   . . .        (no shield)
rNeg    + . .        b - +0 animal skin
rPois   .            (no helmet)
rElec   .            (no cloak)
rCorr   .            l - +0 pair of gloves
SInv    .            (no boots)
Will    .....        (no amulet) Stlth
                     q - ring of positive energy
HPRegen 0.34/turn    (no ring)
MPRegen 0.10/turn

%: no passive effects
@: berserking (expiring), lethally poisoned (-1 -> -8), very quick
A: no striking features
a: Renounce Religion, Berserk, Trog's Hand


You were on level 4 of the Dungeon.
You worshipped Trog.
Trog was pleased with you.
You visited 1 branch of the dungeon, and saw 4 of its levels.

You collected 194 gold pieces.

Inventory:

Hand Weapons
 a - a +0 hand axe (weapon)
Missiles
 k - 7 boomerangs (quivered)
Armour
 b - a +0 animal skin (worn)
 l - a +0 pair of gloves (worn)
Jewellery
 p - a ring of ice
 q - a ring of positive energy (left hand)
Scrolls
 c - 5 scrolls of identify {unknown}
 d - a scroll of blinking {unknown}
 h - a scroll of enchant weapon {unknown}
 i - a scroll of silence {unknown}
 m - a scroll of fear {unknown}
 n - a scroll of teleportation {unknown}
 o - a scroll of poison {unknown}
Potions
 e - 2 potions of heal wounds {unknown}
 f - a potion of brilliance {unknown}
 g - 4 potions of curing {unknown}
 j - a potion of lignification {unknown}


   Skills:
 + Level 5.2 Fighting
 * Level 7.0 Axes
 + Level 3.9 Armour
 - Level 1.5 Dodging


You had 5 spell levels left.
You didn't know any spells.
Your spell library was empty.

Dungeon Overview and Level Annotations

Branches:
Dungeon (4/15)
 Temple: D:4-7

Altars:

Shops:
D:2 [


Message History

You closely miss the scorpion.
The scorpion is almost dead.
* * * LOW HITPOINT WARNING * * *
You feel very sick. The scorpion misses you.
You slice the scorpion!!
You kill the scorpion!
Trog accepts your kill.
* * * LOW HITPOINT WARNING * * *
You feel very sick.
An orc comes into view. It is wielding a +0 club.
The orc barely misses you.
Your Fighting skill increases to level 5!
You have reached level 6!
* * * LOW HITPOINT WARNING * * *
You feel sick.
An orc wizard comes into view. It is wielding a +0 dagger.
You see here a scorpion corpse.
You barely miss the orc wizard.
* * * LOW HITPOINT WARNING * * *
You feel sick.
The orc wizard shouts!
You slash the orc wizard!
The orc wizard is almost dead.
* * * LOW HITPOINT WARNING * * *
You feel sick. The orc closely misses you.
An orc comes into view. It is wielding a +0 whip.
The orc shouts!
You hit the orc wizard.
You kill the orc wizard!
Trog accepts your kill.
Trog appreciates your killing of a magic user.
* * * LOW HITPOINT WARNING * * *
You feel sick. The orc barely misses you.
The orc wizard mumbles some strange words.
The orc wizard flickers and vanishes!
Deactivating autopickup; reactivate with Ctrl-A.
Your Axes skill increases to level 7!
You are too berserk!
You die...

..# ..###### .......#
##### # .......# #...#
.# .......# #...# .###
.......######...##...#
....†......#..††..##
#.......##.#...†...#..#
#.......<..#.###@.o.o.#
#.......#....# #o...#.#
#.......#....# #....#
#.......##..?# #...S#
#............# ##.#...
######.#.##..# {###.#
#.#.....# .. .#
#......## .. # # ####


You could see 3 orcs and a ball python.

Vanquished Creatures
  A scorpion (D:4)
  Natasha (twice) (D:2)
  Terence (D:3)
  An orc wizard (D:4)
  A gnoll (D:1)
  4 adders
  2 ribbon worms (D:2)
  5 endoplasms
  5 giant cockroaches
  11 goblins
  7 hobgoblins
  4 jackals (D:1)
  4 quokkas
  4 ball pythons
  5 bats
  2 frilled lizards
  4 kobolds
  7 rats
70 creatures vanquished.

Notes
Turn   | Place    | Note
-------+----------+-------------------------------------------
     0 | D:1      | GiantSquids the Hill Orc Berserker began the quest for the
                  | Orb.
     0 | D:1      | Reached XP level 1. HP: 19/19 MP: 1/1
   287 | D:1      | Reached XP level 2. HP: 8/27 MP: 2/2
   519 | D:1      | Reached XP level 3. HP: 33/33 MP: 3/3
   939 | D:1      | Reached skill level 5 in Axes
  1261 | D:2      | Reached ** piety under Trog
  1454 | D:2      | Reached XP level 4. HP: 34/40 MP: 4/4
  1707 | D:2      | Noticed Natasha
  1719 | D:2      | Killed Natasha
  1867 | D:2      | Noticed Natasha
  1879 | D:2      | HP: 2/41 [Natasha (9)]
  1880 | D:2      | Killed Natasha
  1881 | D:2      | Reached skill level 6 in Axes
  1881 | D:2      | Reached XP level 5. HP: 2/47 MP: 5/5
  2178 | D:2      | Found Uggiur's Armour Shoppe.
  2481 | D:3      | Noticed Terence
  2489 | D:3      | Killed Terence
  3427 | D:4      | Reached skill level 5 in Fighting
  3427 | D:4      | Reached XP level 6. HP: 7/56 MP: 6/6
  3428 | D:4      | HP: 3/84 [poisoned by a scorpion]
  3430 | D:4      | HP: 1/84 [poisoned by a scorpion]
  3431 | D:4      | Reached skill level 7 in Axes
  3431 | D:4      | Succumbed to a scorpion's poison

Illustrated notes

Levels and vault maps discovered:
D:1:      minmay_arrival_widening_spiral_narrow, layout_loops_corners,
          serial_glass, glass_columns_c, glass_columns_c, glass_columns_c,
          glass_columns_a, solitary_fountain
D:2:      layout_basic, serial_shops, nicolae_shop_pleasant_corner_grove,
          st_stairs_8, uniq_natasha
D:3:      layout_basic, nicolae_hexahallways, uniq_terence
D:4:      layout_basic, mainiacjoe_overflow_six_doors_small

Skill      XL: |  1  2  3  4  5  6 |
---------------+-------------------+-----
Fighting       | 4 5 |  5.2
Axes           | 5 6 7 |  7.0
Armour         | 3 |  3.9
Dodging        | |  1.5

Action                     |  1- 3 |  4- 6 || total
---------------------------+-------+-------++-------
  Melee: Hand axe          |   111 |   119 ||   230
         Punch             |     1 |     1 ||     2
  Throw: Boomerang         |       |     1 ||     1
 Invoke: Berserk           |     1 |     3 ||     4
 Armour: Animal skin       |    61 |    80 ||   141
  Dodge: Dodged            |    71 |    62 ||   133
